[Event "Team 45 45 League T95"]
[Site "Internet Chess Club"]
[Date "2023.02.05"]
[Round "4"]
[White "BlueStorm"]
[Black "Signofthetimes"]
[Result "1/2-1/2"]
[WhiteElo "1477"]
[BlackElo "1521"]
[Opening "Caro-Kann defense"]
[ECO "B10"]
[Time "11:00:56"]
[PlyCount "111"]
[TimeControl "2700+45"]

1. e4 c6 2. Nf3 d5 3. d3 Bg4 4. Nbd2 e6 5. Be2 Ne7 6. Ne5 Bxe2 7. Qxe2 Nd7 8.
Nxd7 Qxd7 9. O-O g6 10. Nf3 Bg7 11. c3 c5 12. Bf4 O-O 13. Rfd1 Qb5 14. Bg3 dxe4
15. Qxe4 Qxb2 16. c4 Qb6 17. Be5 Qc6 18. Qxc6 Nxc6 19. Bxg7 Kxg7 20. a3 Rfd8 21.
Kf1 h6 22. Rd2 Nd4 23. Nxd4 cxd4 24. f4 Rab8 25. a4 Rdc8 26. Ke1 a6 27. Rb2 Kf6
28. g4 h5 29. gxh5 gxh5 30. Rf2 Rg8 31. Ke2 b5 32. axb5 axb5 33. cxb5 Rxb5 34.
Kf3 Rb4 35. Ke4 Rg4 36. Ra6 Rg1 37. Re2 Rg4 38. Rf2 Rg1 39. Re2 Rf1 40. Ra5 Ke7
41. Ra7+ Kf6 42. Ra5 Ke7 43. Ra7+ Kf8 44. Ra5 f5+ 45. Ke5 Rb6 46. Ra8+ Kf7 47.
Ra7+ Kg6 48. Rg2+ Kh6 49. Ra8 Re1+ 50. Kxd4 Rb7 51. Rag8 Rd7+ 52. Kc5 Rc1+ 53.
Kb6 Re7 54. Rh8+ Rh7 55. Rxh7+ Kxh7 56. Re2 {Game drawn by mutual agreement}
1/2-1/2

[Event "Team 45 45 League T95"]
[Site "Internet Chess Club"]
[Date "2023.02.02"]
[Round "4"]
[White "tightfist"]
[Black "Rookmaster"]
[Result "0-1"]
[WhiteElo "1353"]
[BlackElo "1607"]
[Opening "English opening"]
[ECO "A05"]
[Time "21:08:57"]
[PlyCount "118"]
[TimeControl "2700+45"]

1. Nf3 Nf6 2. c4 d6 3. d4 Nbd7 4. e3 e5 5. dxe5 dxe5 6. Nc3 c6 7. Be2 Qc7 8. Qc2
Be7 9. O-O h6 10. Rd1 Nf8 11. Ne4 Be6 12. Nxf6+ Bxf6 13. e4 Ng6 14. b4 O-O 15.
Be3 Rad8 16. a3 Nf4 17. Bf1 b6 18. c5 h5 19. h3 b5 20. a4 a6 21. axb5 axb5 22.
Ra5 g5 23. Rda1 Qe7 24. Ra7 Rd7 25. Rxd7 Qxd7 26. Rd1 Qc8 27. Bxf4 exf4 28. Nd4
Rd8 29. Nxe6 Rxd1 30. Qxd1 Qxe6 31. Qc2 Qe5 32. Be2 Qc3 33. Qb1 Qa1 34. Qxa1
Bxa1 35. Bxh5 Kf8 36. Kf1 Bc3 37. Ke2 Bxb4 38. Kd3 Bxc5 39. Bf3 Bxf2 40. e5 c5
41. Bc6 b4 42. Kc4 Ke7 43. Bd5 Bd4 44. Kd3 Bxe5 45. Ke4 Kf6 46. Bc4 Bd4 47. Bd5
Kg6 48. Bc4 f5+ 49. Kf3 Be3 50. g4 Kf6 51. Bb3 Ke5 52. Bc2 fxg4+ 53. hxg4 Kd4
54. Ke2 Kc3 55. Bf5 c4 56. Kd1 b3 57. Be4 Kb2 58. Bf5 c3 59. Be4 c2+ {White
resigns} 0-1

[Event "Team 45 45 League T95"]
[Site "Internet Chess Club"]
[Date "2023.02.05"]
[Round "4"]
[White "CMAlge"]
[Black "Kingofknights"]
[Result "0-1"]
[WhiteElo "1329"]
[BlackElo "1513"]
[Opening "Queen's pawn: Chigorin variation"]
[ECO "D00"]
[Time "11:01:07"]
[PlyCount "122"]
[TimeControl "2700+45"]

1. d4 d5 2. Nc3 Nf6 3. Bf4 a6 4. e3 Bf5 5. f3 e6 6. g4 Bg6 7. h4 h5 8. g5 Nfd7
9. Bd3 Bxd3 10. cxd3 Bd6 11. Nge2 g6 12. Bxd6 cxd6 13. Nf4 Nc6 14. a3 Nb6 15.
Qc2 Qd7 16. b4 O-O 17. Kf2 Rac8 18. Rab1 Kg7 19. Qb2 Ne7 20. e4 Na4 21. Nxa4
Qxa4 22. Rhc1 Qb5 23. Qb3 Qb6 24. Qb2 e5 25. Ne2 dxe4 26. dxe4 d5 27. Kg2 dxe4
28. fxe4 Qe6 29. Ng3 exd4 30. Qxd4+ Kg8 31. e5 Rfd8 32. Qf4 Nd5 33. Qf3 Qxe5 34.
Re1 Nf4+ 35. Kf1 Qb5+ 36. Kg1 Ne6 37. Rf1 Qb6+ 38. Kh1 Qc6 39. Ne4 Rc7 40. Nf6+
Kg7 41. Qxc6 Rxc6 42. Rbc1 Rd4 43. Rfd1 Rxh4+ 44. Kg2 Rhc4 45. Rxc4 Rxc4 46.
Ne8+ Kf8 47. Nd6 Rg4+ 48. Kf3 Nxg5+ 49. Ke3 Ne6 50. Rf1 f5 51. Nxf5 gxf5 52.
Rxf5+ Ke7 53. Rxh5 Rg3+ 54. Ke4 b5 55. Ke5 Rg5+ 56. Rxg5 Nxg5 57. Kd5 Kd7 58.
Kc5 Kc7 59. Kd5 Nf3 60. Ke4 Ne1 61. Kd5 Nc2 {White resigns} 0-1

[Event "Team 45 45 League T95"]
[Site "Internet Chess Club"]
[Date "2023.02.06"]
[Round "4"]
[White "Portola"]
[Black "ElValero"]
[Result "1-0"]
[WhiteElo "1786"]
[BlackElo "1660"]
[Opening "Queen's pawn game"]
[ECO "A46"]
[Time "17:00:34"]
[PlyCount "98"]
[TimeControl "2700+45"]

1. d4 Nf6 2. Nf3 e6 3. c3 b6 4. Bg5 Bb7 5. Nbd2 Be7 6. e3 O-O 7. Bd3 d5 8. Qc2
h6 9. Bf4 c5 10. b3 Na6 11. O-O Rc8 12. Qb2 Nh5 13. Be5 f6 14. Bg3 Nxg3 15. hxg3
Bd6 16. Rad1 e5 17. Bf5 Rc7 18. Nh4 g5 19. Be6+ Kh7 20. Bf5+ Kg7 21. Nhf3 e4 22.
Ne1 Qe8 23. g4 h5 24. Nc2 hxg4 25. Bxg4 Rh8 26. g3 f5 27. Be2 g4 28. Kg2 Rh3 29.
Rh1 Qh8 30. dxc5 Nxc5 31. c4+ Kg8 32. Qxh8+ Rxh8 33. Rxh8+ Kxh8 34. Rh1+ Kg7 35.
Nd4 Rf7 36. cxd5 Bxd5 37. Bc4 Bxc4 38. Nxc4 Bb8 39. Rh5 Kg6 40. Rh8 Nd7 41. Nc6
Bc7 42. Rc8 b5 43. Rxc7 bxc4 44. bxc4 Kf6 45. Rxa7 Nb6 46. Rxf7+ Kxf7 47. Nd4
Kf6 48. c5 Nc4 49. c6 Nd6 {Black resigns} 1-0

[Event "Team 45 45 League T95"]
[Site "Internet Chess Club"]
[Date "2023.02.03"]
[Round "4"]
[White "julesraider"]
[Black "rubo"]
[Result "0-1"]
[WhiteElo "1632"]
[BlackElo "1528"]
[Opening "Grünfeld: modern exchange variation"]
[ECO "D90"]
[Time "18:01:05"]
[PlyCount "136"]
[TimeControl "2700+45"]

1. d4 Nf6 2. Nf3 g6 3. c4 Bg7 4. Nc3 d5 5. cxd5 Nxd5 6. e4 Nxc3 7. bxc3 c5 8.
Rb1 O-O 9. Be2 Nc6 10. d5 Bxc3+ 11. Bd2 Bxd2+ 12. Qxd2 Nb8 13. Qh6 f6 14. O-O
Qd6 15. Rfd1 Nd7 16. h3 Ne5 17. Nh2 g5 18. Ng4 Bxg4 19. hxg4 b6 20. Rb3 Rf7 21.
f4 gxf4 22. Qxf4 Ng6 23. Qf5 Rd8 24. Ra3 Rd7 25. Bb5 Rc7 26. Rh3 Rg7 27. g5 fxg5
28. Qe6+ Kh8 29. Rf1 Nf4 30. Rxf4 gxf4 31. Qf5 Qg6 32. Qxg6 Rxg6 33. Rf3 e5 34.
Be8 Rd6 35. Bc6 Rg7 36. Be8 Rg3 37. Kf2 c4 38. Ba4 a6 39. Rxg3 fxg3+ 40. Kxg3 b5
41. Bc2 Rf6 42. a3 Kg7 43. Bd1 Kf7 44. Bf3 Ke7 45. Kf2 h5 46. Ke2 h4 47. Bg4 Kd6
48. Ke3 Kc5 49. Bf5 a5 50. Kd2 b4 51. axb4+ axb4 52. Kc2 Kd4 53. Kd2 Rxf5 54.
exf5 Kxd5 55. Kc2 e4 56. Kd2 Ke5 57. f6 Kxf6 58. Ke3 Ke5 59. Kd2 Kd4 60. Kc2 e3
61. Kd1 b3 62. g4 hxg3 63. Kc1 g2 64. Kb2 e2 65. Ka3 Kc5 66. Ka4 b2 67. Ka3 b1=Q
68. Ka4 Qb4# {White checkmated} 0-1

[Event "Team 45 45 League T95"]
[Site "Internet Chess Club"]
[Date "2023.02.05"]
[Round "4"]
[White "nosir"]
[Black "mongmong"]
[Result "1-0"]
[WhiteElo "1492"]
[BlackElo "1445"]
[Opening "Queen's pawn"]
[ECO "A40"]
[Time "09:00:40"]
[PlyCount "43"]
[TimeControl "2700+45"]

1. d4 e6 2. Bf4 Nf6 3. e3 b6 4. Nf3 Bb7 5. Nbd2 d6 6. Bd3 Nbd7 7. O-O Qe7 8. c4
e5 9. dxe5 dxe5 10. Re1 e4 11. Nxe4 Bxe4 12. Bxc7 Bxd3 13. Qxd3 Qe4 14. Rad1
Qxd3 15. Rxd3 Be7 16. Bd6 Bxd6 17. Rxd6 Ke7 18. Red1 Rhd8 19. b4 Ne4 20. R6d3
Ndf6 21. Ne5 Rd4 22. Nc6+ {Black resigns} 1-0

[Event "Team 45 45 League T95"]
[Site "Internet Chess Club"]
[Date "2023.02.05"]
[Round "4"]
[White "Gilguli"]
[Black "g8wrb"]
[Result "1-0"]
[WhiteElo "1439"]
[BlackElo "1303"]
[Opening "French defense"]
[ECO "C00"]
[Time "15:05:32"]
[PlyCount "83"]
[TimeControl "2700+45"]

1. e4 e6 2. Nc3 d5 3. e5 a6 4. f4 c5 5. Nf3 Nc6 6. g4 Nh6 7. h3 Qc7 8. Bg2 Be7
9. O-O Bd7 10. Ne2 f5 11. g5 Nf7 12. d4 cxd4 13. Nfxd4 h6 14. g6 Nfd8 15. Be3
Nxd4 16. Bxd4 Nc6 17. c3 O-O-O 18. b3 Be8 19. c4 Bxg6 20. cxd5 exd5 21. Rc1 Kb8
22. Qd3 Qa5 23. Bc3 Qb6+ 24. Nd4 Bc5 25. Rfd1 Nb4 26. Bxb4 Qxb4 27. Kf1 Bxd4 28.
Qxd4 Qxd4 29. Rxd4 Bf7 30. Rcd1 Kc7 31. Bxd5 Bxd5 32. Rxd5 Rxd5 33. Rxd5 Rd8 34.
Rxd8 Kxd8 35. Ke2 Ke7 36. h4 Ke6 37. Kd3 Kd5 38. h5 b5 39. b4 Kc6 40. Kd4 Kc7
41. Kc5 Kc8 42. Kb6 {Black resigns} 1-0

[Event "Team 45 45 League T95"]
[Site "Internet Chess Club"]
[Date "2023.02.03"]
[Round "4"]
[White "mongmong"]
[Black "tightfist"]
[Result "1/2-1/2"]
[WhiteElo "1460"]
[BlackElo "1358"]
[Opening "Colle system"]
[ECO "D05"]
[Time "19:00:57"]
[PlyCount "75"]
[TimeControl "2700+45"]

1. d4 Nf6 2. Nf3 d5 3. e3 e6 4. Bd3 c5 5. c3 Nc6 6. Nbd2 Qb6 7. O-O cxd4 8. exd4
Bd6 9. Re1 O-O 10. Qe2 Bd7 11. Ne5 Qc7 12. f4 Rfe8 13. Ndf3 h6 14. Nxd7 Nxd7 15.
Ne5 Nf6 16. Bd2 Rac8 17. g3 a6 18. Ng4 Nxg4 19. Qxg4 Ne7 20. f5 exf5 21. Bxf5
Nxf5 22. Qxf5 Qc6 23. Qg4 Kh7 24. Qf5+ Kg8 25. Qf2 Re4 26. Rxe4 dxe4 27. Qf5 Re8
28. Be3 Qc8 29. Rf1 Qe6 30. d5 Qxf5 31. Rxf5 Re5 32. Rxe5 Bxe5 33. Kf2 f5 34.
Bd2 Kf7 35. b3 Ke7 36. c4 Bd4+ 37. Be3 Bxe3+ 38. Kxe3 {Game drawn by mutual
agreement} 1/2-1/2

[Event "Team 45 45 League T95"]
[Site "Internet Chess Club"]
[Date "2023.02.02"]
[Round "4"]
[White "Kingofknights"]
[Black "olivermx"]
[Result "1-0"]
[WhiteElo "1504"]
[BlackElo "1316"]
[Opening "QGA: 4...e6"]
[ECO "D26"]
[Time "18:00:26"]
[PlyCount "27"]
[TimeControl "2700+45"]

1. d4 d5 2. c4 dxc4 3. Nf3 Nf6 4. e3 e6 5. Bxc4 b6 6. O-O Bb7 7. Nc3 a6 8. Qe2
c5 9. Rd1 Nbd7 10. d5 exd5 11. Nxd5 Nxd5 12. Bxd5 Qc7 13. Bxf7+ Kxf7 14. Rxd7+
{Black resigns} 1-0

[Event "Team 45 45 League T95"]
[Site "Internet Chess Club"]
[Date "2023.02.04"]
[Round "4"]
[White "pandaknight"]
[Black "rgadoury"]
[Result "0-1"]
[WhiteElo "1186"]
[BlackElo "1157"]
[Opening "Sicilian: accelerated fianchetto, Gurgenidze variation"]
[ECO "A30"]
[Time "12:01:34"]
[PlyCount "96"]
[TimeControl "2700+45"]

1. c4 c5 2. Nf3 Nc6 3. d4 cxd4 4. Nxd4 Nxd4 5. Qxd4 Nf6 6. Nc3 g6 7. e4 d6 8.
Be3 e5 9. Qd3 Be7 10. Be2 O-O 11. O-O-O Ng4 12. Bxg4 Bxg4 13. f3 Be6 14. Nb5
Bxc4 15. Qxc4 Rc8 16. Qxc8 Qxc8+ 17. Kb1 a6 18. Nxd6 Bxd6 19. Rxd6 Rd8 20. Rc1
Qxc1+ 21. Kxc1 Rxd6 22. Kc2 Rc6+ 23. Kd3 b5 24. b4 Kg7 25. Bc5 a5 26. a3 a4 27.
g3 h6 28. f4 exf4 29. gxf4 f6 30. Kd4 Re6 31. Kd5 Re8 32. e5 fxe5 33. fxe5 Kf7
34. Bd6 g5 35. Kc5 Ke6 36. Kxb5 Rd8 37. Kxa4 Rxd6 38. exd6 Kxd6 39. Kb5 g4 40.
a4 h5 41. a5 Kc7 42. a6 Kb8 43. Kb6 h4 44. b5 g3 45. a7+ Ka8 46. Kc7 gxh2 47. b6
h1=Q 48. b7+ Qxb7+ {White resigns} 0-1

[Event "Team 45 45 League T95"]
[Site "Internet Chess Club"]
[Date "2023.02.04"]
[Round "4"]
[White "WzeroMN"]
[Black "NATYNL09"]
[Result "0-1"]
[WhiteElo "933"]
[BlackElo "1096"]
[Opening "Ruy Lopez: classical defense, 4.c3"]
[ECO "C64"]
[Time "15:04:19"]
[PlyCount "52"]
[TimeControl "2700+45"]

1. e4 e5 2. Nf3 Nc6 3. Bb5 Bc5 4. c3 a6 5. Bxc6 dxc6 6. Nxe5 Nf6 7. d3 h6 8. Nf3
Bg4 9. h3 Bh5 10. O-O O-O 11. Re1 Qd7 12. Be3 Bb6 13. Bxb6 cxb6 14. d4 Rad8 15.
Qd3 Qc7 16. Nbd2 c5 17. Nc4 cxd4 18. cxd4 b5 19. Ne3 Bxf3 20. gxf3 Qd7 21. e5
Nh5 22. Qf5 Qxf5 23. Nxf5 Nf4 24. Kh2 f6 25. Re4 fxe5 26. dxe5 Rxf5 {White
resigns} 0-1

[Event "Team 45 45 League T95"]
[Site "Internet Chess Club"]
[Date "2023.02.04"]
[Round "4"]
[White "clarinetref"]
[Black "Denis240964"]
[Result "1-0"]
[WhiteElo "1491"]
[BlackElo "1375"]
[Opening "Center game: Paulsen attack"]
[ECO "C22"]
[Time "19:04:25"]
[PlyCount "91"]
[TimeControl "2700+45"]

1. e4 e5 2. d4 exd4 3. Qxd4 Nc6 4. Qe3 d6 5. Nc3 Nf6 6. h3 Be7 7. Bd2 O-O 8.
O-O-O Re8 9. Bc4 Bf8 10. Qf4 Ne5 11. Bb3 Ng6 12. Qf3 c6 13. g4 Be6 14. Bxe6 Rxe6
15. g5 Ne5 16. Qe2 Ne8 17. f4 Nd7 18. f5 Re7 19. Qg4 f6 20. Nge2 Ne5 21. Qg3 Rd7
22. Nd4 Qe7 23. gxf6 Nxf6 24. Bg5 Nf7 25. Bh4 Qe5 26. Qg2 Re8 27. Ne6 Nd8 28.
Bg3 Qa5 29. Nxf8 Rxf8 30. Bxd6 Rff7 31. e5 Rxd6 32. Rxd6 Ne8 33. Rd4 Rxf5 34.
Re1 Ne6 35. Ra4 Qb6 36. Qg4 Qf2 37. Qe2 Qc5 38. Qc4 Qe7 39. Rxa7 Qg5+ 40. Kb1
Nc7 41. Rxb7 Rxe5 42. Rd1 Rd5 43. Nxd5 Nxd5 44. Qxc6 Ne7 45. Qe8+ Nf8 46. Qxe7
{Black resigns} 1-0

[Event "Team 45 45 League T95"]
[Site "Internet Chess Club"]
[Date "2023.02.03"]
[Round "4"]
[White "Visin"]
[Black "herrahuu"]
[Result "0-1"]
[WhiteElo "1140"]
[BlackElo "1489"]
[Opening "Sicilian"]
[ECO "B50"]
[Time "12:00:28"]
[PlyCount "48"]
[TimeControl "2700+45"]

1. e4 c5 2. Nf3 d6 3. Be2 Nf6 4. d3 g6 5. Bg5 Bg7 6. c3 h6 7. Be3 O-O 8. h3 Nc6
9. Nbd2 b6 10. Nb3 e5 11. O-O d5 12. Qc2 Bb7 13. Nh2 d4 14. cxd4 Nxd4 15. Qd1
Ba6 16. Rc1 Nxe2+ 17. Qxe2 Bxd3 18. Qf3 Bxf1 19. Rxf1 Qd3 20. Rd1 Qxe4 21. Qxe4
Nxe4 22. f3 Ng5 23. f4 exf4 24. Bxf4 Bxb2 {White resigns} 0-1

[Event "Team 45 45 League T95"]
[Site "Internet Chess Club"]
[Date "2023.02.02"]
[Round "4"]
[White "thundercat1"]
[Black "bardu"]
[Result "0-1"]
[WhiteElo "1018"]
[BlackElo "1191"]
[Opening "Queen's pawn game"]
[ECO "D00"]
[Time "21:13:11"]
[PlyCount "120"]
[TimeControl "2700+45"]

1. d4 Nf6 2. Nc3 d5 3. g3 Bf5 4. Bg2 e6 5. Nf3 c5 6. Ne5 cxd4 7. Nb5 Qa5+ 8. Nc3
dxc3 9. O-O cxb2 10. Bxb2 Bc5 11. Bc1 O-O 12. Bd2 Bb4 13. Bxb4 Qxb4 14. Rb1 Qd6
15. f4 b6 16. c4 Qc5+ 17. Kh1 Be4 18. Rb5 Bxg2+ 19. Kxg2 Qa3 20. Qc2 dxc4 21.
Qxc4 Nbd7 22. Nc6 Rac8 23. Rb3 Qxa2 24. Ne7+ Kh8 25. Nxc8 Nc5 26. Ne7 Nxb3 27.
Rf2 Qa3 28. Rf3 Qxe7 29. Qxb3 Nd5 30. e4 Nf6 31. e5 Nd5 32. Qd3 Qc5 33. g4 Nb4
34. Qe4 Qc2+ 35. Qxc2 Nxc2 36. Rc3 Nd4 37. Rc7 a5 38. Kf2 f6 39. Kg2 fxe5 40.
fxe5 Ra8 41. Rd7 Nb3 42. Rd6 a4 43. Rxb6 a3 44. Rxb3 a2 45. g5 a1=Q 46. g6 Ra2+
47. Kh3 Ra3 48. Rxa3 Qxa3+ 49. Kg4 h6 50. h4 Qb4+ 51. Kh5 Qc5 52. Kg4 Qxe5 53.
Kh3 Qf5+ 54. Kg3 Qxg6+ 55. Kh3 e5 56. Kh2 e4 57. Kh3 e3 58. Kh2 e2 59. Kh3 e1=Q
60. Kh2 Qgg3# {White checkmated} 0-1

[Event "Team 45 45 League T95"]
[Site "Internet Chess Club"]
[Date "2023.02.05"]
[Round "4"]
[White "tamky70"]
[Black "oldbookseller"]
[Result "1-0"]
[WhiteElo "1262"]
[BlackElo "924"]
[Opening "Queen's pawn game"]
[ECO "D05"]
[Time "10:31:14"]
[PlyCount "85"]
[TimeControl "2700+45"]

1. d4 d5 2. Nf3 Nf6 3. e3 e6 4. Nbd2 Bd6 5. Bd3 Nbd7 6. O-O O-O 7. b3 b6 8. Bb2
Bb7 9. c4 Ba6 10. Re1 c6 11. Qe2 Bb8 12. Ba3 Re8 13. Rac1 Bb7 14. c5 Qc8 15. Bb2
Qc7 16. b4 e5 17. Bf5 Bc8 18. dxe5 Nxe5 19. Bxc8 Rxc8 20. Bxe5 Qe7 21. Bxb8
Raxb8 22. Nd4 Ne4 23. f3 Nf6 24. Nf5 Qe5 25. Nd6 Re8 26. Nxe8 Rxe8 27. Nb3 Re6
28. Nd4 Ng4 29. fxg4 Rh6 30. Nf3 Qc7 31. Qb2 f6 32. Qb3 g5 33. Qd3 Qd7 34. Qf5
Qg7 35. Qc8+ Kf7 36. Qd7+ Kg8 37. Qe6+ Kf8 38. Qc8+ Kf7 39. Qd7+ Kf8 40. Qxg7+
Kxg7 41. Nd4 f5 42. Nxf5+ Kf6 43. Nxh6 {Black resigns} 1-0